 Dungeon Crawl Stone Soup version 0.27-a0-1196-g3e9cee4cb2 (webtiles) character file.

Game seed: 1352713678377517272

2228 Ijustatesigmund the Chopper (level 9, 0/72 HPs)
             Began as a Demonspawn Fighter on May 28, 2021.
             Slain by a gnoll sergeant
             ... wielding a +0 glaive
              (6 damage)
             ... in a bailey.
             The game lasted 00:15:56 (9948 turns).

Ijustatesigmund the Chopper (Demonspawn Fighter)    Turns: 9948, Time: 00:15:59

Health: 0/72       AC: 24    Str: 17    XL:     9   Next: 14%
Magic:  9/9        EV:  0    Int: 12    God:
Gold:   232        SH: 13    Dex: 17    Spells: 8/8 levels left

rFire    . . .     SeeInvis .   a - +1 war axe
rCold    . . .     Faith    .   c - +0 kite shield
rNeg     . . .     Spirit   .   b - +0 crystal plate armour "Laaqup" {rCorr Int+2}
rPois    .         Reflect  .   (no helmet)
rElec    .         Harm     .   w - +2 cloak
rCorr    +         Rampage  .   (no gloves)
Will     .....                  r - +2 pair of boots
Stlth    ..........             (no amulet)
HPRegen  0.22/turn              (no ring)
MPRegen  0.11/turn              (no ring)

@: attractive
A: claws 1, thin skeletal structure 1, demonic guardian 1, condensation shield
a: no special abilities


You were in a bailey.
You visited 1 branch of the dungeon, and saw 7 of its levels.
You also visited: Bailey.

You collected 282 gold pieces.
You spent 50 gold pieces at shops.

Inventory:

Hand Weapons
 a - a +1 war axe (weapon)
Missiles
 o - a throwing net (quivered)
Armour
 b - the +0 crystal plate armour "Laaqup" (worn) {rCorr Int+2}
   (You acquired it on level 5 of the Dungeon)

   It affects your intelligence (+2).
   It protects you from acid and corrosion.
 c - a +0 kite shield (worn)
 r - a +2 pair of boots (worn)
 w - a +2 cloak (worn)
Jewellery
 e - a ring of fire
 h - a ring of flight
Wands
 j - a wand of flame (35)
 v - a wand of acid (4)
Scrolls
 g - 6 scrolls of identify
 q - a scroll of amnesia
Potions
 d - a potion of lignification
 f - a potion of brilliance
 i - a potion of curing
 l - a potion of ambrosia
 n - a potion of resistance {unknown}
 t - a potion of invisibility {unknown}
 u - a potion of mutation {unknown}


   Skills:
 + Level 7.3 Fighting
 + Level 7.5 Axes
 + Level 5.5 Armour
 + Level 2.7 Dodging
 - Level 2.6 Shields


You had 8 spell levels left.
You didn't know any spells.
Your spell library contained the following spells:

 Spells                   Type           Power      Damage    Failure   Level
 Beastly Appendage        Tmut           0%         N/A       100%        1
 Wereblood                Tmut           0%         N/A       100%        2
 Spider Form              Tmut/Pois      0%         N/A       100%        3
 Ice Form                 Ice/Tmut       0%         N/A       100%        4
 Hydra Form               Tmut           0%         N/A       100%        5


Dungeon Overview and Level Annotations

Branches:
Dungeon (7/15)             Temple (0/1) D:6          Bailey (1/1)

Altars:
Ashenzari
Fedhas
Gozag
Ru

Shops:
D:3 !

Annotations:
D:6 glosham's ghost, weakling DjDe


Innate Abilities, Weirdness & Mutations

You have sharp fingernails.
You have a somewhat thin skeletal structure. (Dex +2, Stealth+)
A weak demonic guardian rushes to your aid.
A meltable shield of frost defends you. (SH +4)


Message History

* * * LOW HITPOINT WARNING * * *
You feel less invigorated.
You feel less confused.
Your white imp hits the gnoll sergeant.
Your white imp freezes the gnoll sergeant.
The gnoll sergeant hits your white imp with a +0 halberd!
Your white imp dies!
The gnoll sergeant shouts!
Throw: 2 throwing nets
Press: ? - help, Q - select action, (/) - cycle Shift-Dir - straight line, f - gnoll sergeant
Aim: a gnoll sergeant, wielding a +0 halberd and wearing a +0 chain mail (heavily wounded, 69% to hit)
You throw a throwing net.
The throwing net barely misses the gnoll sergeant.
The gnoll sergeant hits you but does no damage.
You block the gnoll sergeant's attack. You block the gnoll sergeant's attack.
The gnoll sergeant hits you but does no damage.
You slash the gnoll sergeant!
The gnoll sergeant is moderately wounded.
You hit the gnoll sergeant but do no damage.
The gnoll sergeant hits you with a +0 halberd!
* * * LOW HITPOINT WARNING * * *
You block the gnoll sergeant's attack.
You hit the gnoll sergeant but do no damage.
The gnoll sergeant is moderately wounded.
You hit the gnoll sergeant but do no damage.
The gnoll sergeant hits you but does no damage.
The gnoll sergeant hits you with a +0 glaive.
* * * LOW HITPOINT WARNING * * *
A demonic guardian appears!
You block the gnoll sergeant's attack.
The gnoll sergeant hits you but does no damage.
You block the gnoll sergeant's attack.
It was a potion of attraction.
You feel attractive to monsters. You block the gnoll sergeant's attack.
The gnoll sergeant hits you from afar with a +0 halberd.
* * * LOW HITPOINT WARNING * * *
The gnoll sergeant hits you but does no damage.
The gnoll sergeant hits you with a +0 glaive.
You die...

♣♣..≈..#.'..##...##..).#..≈♣
♣...≈..######.....###'##..≈♣
)......'...#.....).#......≈♣
)).....'...'...8...g.)....≈♣
)......'.).#..g.)g.#......≈♣
♣...≈..######.....###)##..≈♣
♣...≈..# '. ##...##.)).#..≈♣
♣...≈..# #...#####.....# .≈♣
♣♣..≈..# #.....g@5g....# .≈♣
♣♣.≈..# #.....#g.....## ≈♣
♣.≈..###.8.. #...8.##
♣♣≈≈...#### #######
♣♣≈≈≈≈≈≈≈≈≈ ♣♣♣♣♣♣♣♣♣♣


You could see 3 gnoll sergeants and a friendly iron imp (summoned).

Vanquished Creatures
  A yak (D:6)
  A black bear (D:6)
  A water moccasin (D:6)
  2 ogres (D:6)
  A centaur (D:3)
  A bullfrog (D:4)
  5 gnoll sergeants (Bailey)
  4 scorpions
  A howler monkey (D:5)
  A bullfrog zombie (D:6)
  A jelly (D:6)
  4 gnoll shamans (Bailey)
  4 hounds
  An orc priest (D:2)
  2 bullfrog skeletons (D:6)
  An iguana (D:4)
  2 orc wizards
  A scorpion zombie (D:5)
  A killer bee zombie (D:6)
  21 gnolls
  7 adders
  2 shadow imps (D:6)
  2 adder skeletons
  3 worms
  5 dart slugs
  19 orcs
  4 endoplasms
  5 giant cockroaches
  6 hobgoblins
  14 jackals
  6 quokkas
  11 ball pythons
  7 bats
  2 frilled lizards
  10 goblins
  4 kobolds
  4 rats
167 creatures vanquished.

Vanquished Creatures (collateral kills)
  Blork the orc (D:5)
  A howler monkey (D:5)
  Ijyb (D:5)
  A gnoll (D:5)
  An orc (D:5)
5 creatures vanquished.

Grand Total: 172 creatures vanquished

Notes
Turn   | Place    | Note
-------+----------+-------------------------------------------
     0 | D:1      | Ijustatesigmund the Demonspawn Fighter began the quest for
                  | the Orb.
     0 | D:1      | Reached XP level 1. HP: 18/18 MP: 1/1
    98 | D:1      | Gained mutation: You have a somewhat thin skeletal
                  | structure. (Dex +2, Stealth+) [demonic ancestry]
    98 | D:1      | Reached XP level 2. HP: 24/24 MP: 2/2
   433 | D:1      | Reached XP level 3. HP: 20/29 MP: 3/3
  1948 | D:2      | Gained mutation: A meltable shield of frost defends you.
                  | (SH +4) [demonic ancestry]
  1948 | D:2      | Reached XP level 4. HP: 23/37 MP: 4/4
  3001 | D:3      | Gained mutation: You have sharp fingernails. [demonic
                  | ancestry]
  3001 | D:3      | Reached XP level 5. HP: 31/42 MP: 5/5
  3214 | D:3      | Found Jyteh's Distillery.
  3220 | D:3      | Bought a potion of heal wounds for 50 gold pieces
  3628 | D:4      | Noticed a centaur
  3953 | D:3      | Killed a centaur
  3954 | D:3      | Gained mutation: A weak demonic guardian rushes to your
                  | aid. [demonic ancestry]
  3954 | D:3      | Reached XP level 6. HP: 12/49 MP: 6/6
  4374 | D:4      | Found an opulent altar of Gozag.
  4445 | D:4      | Reached skill level 5 in Axes
  5535 | D:5      | Entered Level 5 of the Dungeon
  5545 | D:5      | Noticed Ijyb
  5559 | D:5      | HP: 2/50 [Ijyb/puff of flame (4)]
  5560 | D:5      | Killed Ijyb
  5561 | D:5      | Reached skill level 5 in Fighting
  5886 | D:5      | Identified a scroll of acquirement
  5886 | D:5      | Acquired the +0 crystal plate armour "Laaqup" {rCorr Int+2}
  5926 | D:5      | Reached XP level 7. HP: 56/56 MP: 7/7
  6113 | D:5      | Noticed Blork the orc
  6125 | D:5      | Killed Blork the orc
  7391 | D:6      | Reached XP level 8. HP: 57/64 MP: 8/8
  7614 | D:6      | Identified the +1 ring mail "Yteodi Eveim" {+Blink}
  7658 | D:6      | Found a staircase to the Ecumenical Temple.
  7671 | D:6      | Found a runed translucent gate.
  7671 | D:6      | Found a runed translucent gate.
  7672 | D:6      | Found a runed translucent gate.
  7708 | D:6      | Found a sacrificial altar of Ru.
  7721 | D:6      | Found a broken altar of Ashenzari.
  7871 | D:6      | Found a blossoming altar of Fedhas.
  8241 | D:6      | Noticed glosham's ghost (weakling DjDe)
  8319 | D:6      | Reached skill level 1 in Dodging
  8522 | D:7      | Found a flagged portal.
  8542 | Bailey   | Entered a bailey
  8555 | Bailey   | Reached skill level 5 in Armour
  9214 | Bailey   | HP: 3/67 [gnoll/+0 halberd (2)]
  9223 | Bailey   | Identified the +7 dagger of Kaxkuh {antimagic, *Slow Will+
                  | Int+2}
  9542 | Bailey   | Reached XP level 9. HP: 57/72 MP: 9/9
  9948 | Bailey   | Slain by a gnoll sergeant

Illustrated notes

Levels and vault maps discovered:
D:1:      eino_arrival_druids_welcome, layout_basic, minivault_27,
          glass_columns_c, minmay_quantized
D:2:      minmay_recursive_quarters, layout_basic, moated_statue
D:3:      layout_loops_ring, serial_shops, shop_fountains
D:4:      layout_cave_pools, nicolae_gozag_seed_capital
D:5:      layout_cave_pools, kennysheep_windowed_goal, uniq_ijyb,
          uniq_blork_the_orc
D:6:      layout_gridville, grunt_temple_overflow_open,
          minmay_temple_entry_overgrown, gammafunk_ghost_split,
          grunt_ministairs_11, kennysheep_small_spiral, sigmund_army
D:7:      layout_rooms, serial_bayou, serial_bayou_shore_b,
          serial_bayou_lagoon_a, serial_bayou_pond_b, serial_bayou_crossing,
          gammafunk_ghost_arena, enter_bailey_3
Bailey:   bailey_polearm_gnolls_kennysheep, bailey

Skill      XL: |  1  2  3  4  5  6  7  8 |
---------------+-------------------------+-----
Axes           | 2 3 4 5 6 7 |  7.5
Fighting       | 4 5 6 7 |  7.3
Armour         | 4 5 |  5.5
Dodging        | 2 |  2.7
Shields        | |  2.6

Action                   |  1- 3 |  4- 6 |  7- 9 || total
-------------------------+-------+-------+-------++-------
Melee: War axe           |   109 |   184 |   378 ||   671
Throw: Throwing net      |       |       |     1 ||     1
Evoke: Wand              |       |       |     1 ||     1
  Use: Scroll            |     5 |     8 |     8 ||    21
       Potion            |       |     3 |     9 ||    12
 Stab: Sleeping          |     1 |     1 |       ||     2
       Distracted        |       |       |     1 ||     1
Armor: Scale mail        |    56 |    88 |       ||   144
       Crystal plate arm |       |     1 |   383 ||   384
Dodge: Dodged            |    30 |    41 |     7 ||    78
Block: Kite shield       |    61 |   159 |   376 ||   596

Table legend: (Time is in decaauts)
 A = Elapsed time spent in this place.
 B = Non-inter-level travel time spent in this place.
 C = Inter-level travel time spent in this place.
 D = Time resting spent in this place.
 E = Time spent auto-exploring this place.
 F = Levels seen in this place.
 G = Mean time per level.
                   A        B        C        D        E       F      G
               +--------+--------+--------+--------+--------+-----+--------+
         Total |  10267 |  10085 |    182 |   3757 |   4740 |   8 | 1283.4 |
       Dungeon |   8791 |   8609 |    182 |   2964 |   4476 |   7 | 1255.9 |
        Bailey |   1475 |   1475 |      0 |    793 |    264 |   1 | 1475.0 |
               +--------+--------+--------+--------+--------+-----+--------+

Top non-repeatable levels by time:
     D:6: 1800 daAuts
     D:2: 1573 daAuts
  Bailey: 1475 daAuts
     D:1: 1435 daAuts
     D:3: 1394 daAuts
     D:4: 1288 daAuts
     D:5: 1271 daAuts
     D:7: 27 daAuts
